Map: Whirlwind LE (Void)

Players

Aware - Winner!

  • Race: Terran Terran
  • League: Platinum
  • Spawn Location: 11:00

A.I. 1 (Elite)

  • Race: Protoss Protoss
  • Spawn Location: 1:00

VOD

Have the link to the VOD?

Description

Time

  • Played on: Jan. 2, 2017, 7:21 p.m.
  • Length: 21:38
Show
View Real Time Build Order
Export as new Build Order

Aware Terran - Winner!

Build Orders: Reaper Expand, MMM Bio 

Get SALT Encoding   

  12  0:01  SCV  
  13  0:13  SCV  
  14  0:18  Supply Depot  
  14  0:25  SCV  
  15  0:40  SCV  
  15  0:41  Barracks  
  16  0:47  Refinery  
  16  0:52  SCV  
  17  1:04  SCV  
  18  1:16  SCV  
  19  1:30  Reaper  
  19  1:31  Orbital Command  
  20  1:46  Command Center  
  20  2:03  Barracks Reactor  
  20  2:07  Refinery  
  20  2:11  SCV  
  20  2:14  Supply Depot  
  21  2:27  Factory  
  21  2:28  SCV  
  22  2:40  SCV  
  22  2:41  Marine x2  
  25  2:52  SCV  
  25  2:58  Orbital Command  
  26  2:59  Marine  
  26  3:00  Marine  
  26  3:04  SCV  
  29  3:10  Widow Mine  
  29  3:11  Starport  
  31  3:19  Marine  
  31  3:20  Marine  
  31  3:25  SCV x2  
  35  3:36  Supply Depot  
  35  3:37  Marine  
  35  3:38  Marine  
  35  3:39  Widow Mine, SCV x2  
  33  3:48  Medivac  
  41  3:49  Barracks  
  43  3:56  Marine x2  
  43  3:59  Supply Depot, SCV  
  43  4:00  SCV  
  47  4:12  Barracks, Factory Tech Lab  
  47  4:23  Starport Tech Lab  
  47  4:24  Marine x2  
  47  4:26  SCV x2  
  51  4:34  Supply Depot  
  51  4:38  Engineering Bay  
  51  4:39  Engineering Bay  
  51  4:45  Marine x2  
  53  4:49  Factory Tech Lab  
  53  4:55  SCV  
  53  4:56  Supply Depot, SCV  
  53  4:58  Stimpack  
  55  5:07  Barracks  
  55  5:08  Combat Shields  
  55  5:10  Marine x4  
  55  5:12  Terran Infantry Weapons Level 1, Terran Infantry Armor Level 1  
  59  5:39  Marauder x2  
  59  5:40  Marine x2  
  63  5:43  Starport Reactor, Siege Tank  
  63  5:46  SCV x2  
  68  5:52  Supply Depot  
  68  5:56  Refinery  
  68  5:58  SCV  
  68  6:04  Barracks Reactor  
  69  6:06  Command Center  
  69  6:10  Armory, SCV  
  69  6:11  SCV  
  71  6:16  Supply Depot  
  71  6:22  SCV  
  71  6:23  SCV  
  73  6:35  Concussive Shells  
  73  6:37  Marine x3  
  73  6:39  Marauder  
  76  6:40  Marine x2  
  76  6:42  Siege Tank  
  81  6:48  SCV  
  81  6:49  Refinery, SCV  
  83  6:54  Marine  
  83  6:55  Marauder  
  83  6:56  Supply Depot  
  86  7:04  Marauder, Marine  
  86  7:05  Marine x2  
  91  7:09  Terran Infantry Weapons Level 2  
  91  7:12  Marine  
  92  7:17  Marauder  
  92  7:22  Marine x3  
  95  7:24  Medivac  
  95  7:25  Marine  
  95  7:26  Barracks  
  100  7:30  Marine  
  100  7:32  Terran Infantry Armor Level 2  
  101  7:37  Marine  
  101  7:40  Marine x3  
  101  7:43  Marine  
  106  7:44  Orbital Command  
  106  7:48  Medivac, Marine  
  109  7:54  Medivac  
  109  7:55  Marine  
  109  7:58  Marine x3  
  113  8:01  Marine  
  116  8:06  Marine  
  117  8:20  Marine x2  
  117  8:21  Supply Depot, Marauder x2  
  117  8:23  Marine  
  117  8:25  SCV x3  
  127  8:28  Medivac  
  127  8:29  Medivac  
  131  8:38  Marine x2  
  133  8:42  Marine x2  
  133  8:43  Marauder  
  133  8:46  Supply Depot  
  137  8:54  Supply Depot  
  137  8:56  Marine x2  
  137  8:57  Supply Depot  
  137  8:58  Marine x2  
  141  9:07  Marine x3  
  144  9:11  Supply Depot  
  144  9:14  Marine x2  
  144  9:15  Marine  
  147  9:17  Siege Tank  
  150  9:25  Marauder x2  
  150  9:26  Refinery  
  150  9:27  Refinery  
  150  9:28  Terran Infantry Weapons Level 3  
  154  9:31  Marine  
  154  9:32  Marine  
  154  9:35  Supply Depot  
  141  9:47  Marauder x2  
  142  9:59  Marine  
  143  10:00  Marine x4  
  147  10:08  Marauder x2  
  151  10:17  Marine x5  
  156  10:30  Marauder x2  
  156  10:35  Marine  
  161  10:42  Marine  
  159  10:43  Marine  
  159  10:44  Siege Tank  
  159  10:45  Medivac x2  
  167  10:51  Marauder x2  
  167  10:52  Marine  
  170  11:00  Marine  
  170  11:01  Marine  
  170  11:10  Marine  
  170  11:12  Marauder, Marine  
  170  11:13  Supply Depot  
  170  11:14  Supply Depot  
  170  11:15  Medivac x2  
  170  11:17  Siege Tank  
  170  11:18  Marine x2  
  178  11:28  Marine  
  178  11:30  Marine  
  177  11:33  Marine  
  177  11:35  Marine  
  177  11:36  Marine  
  180  11:46  Marine  
  181  11:47  Medivac x2, Marine  
  181  11:49  Siege Tank  
  181  11:51  Marine  
  181  11:53  Marine  
  191  11:54  Marine  
  192  12:04  Marine  
  192  12:05  Marine  
  194  12:09  Marine  
  194  12:11  Marine  
  194  12:12  Marine  
  195  12:22  Marine  
  195  12:24  Marauder  
  197  12:35  Marine x2  
  199  12:39  Marine  
  200  12:55  Command Center  
Show
View Real Time Build Order
Export as new Build Order

A.I. 1 (Elite) Protoss 

Build Orders: 1 Gate Expand, Zealot Archon 

Get SALT Encoding   

  12  0:01  Probe (Chrono Boost)  
  13  0:11  Probe (Chrono Boost)  
  14  0:20  Pylon  
  14  0:22  Probe (Chrono Boost)  
  15  0:38  Probe (Chrono Boost)  
  16  0:49  Probe (Chrono Boost), Gateway  
  17  0:59  Probe (Chrono Boost)  
  18  1:10  Probe (Chrono Boost)  
  19  1:14  Nexus  
  19  1:20  Probe (Chrono Boost)  
  20  1:31  Probe (Chrono Boost)  
  21  1:34  Zealot  
  21  1:35  Pylon  
  23  1:44  Cybernetics Core  
  23  1:47  Assimilator  
  24  1:54  Probe (Chrono Boost)  
  24  2:05  Probe (Chrono Boost)  
  26  2:15  Probe (Chrono Boost)  
  26  2:23  Pylon  
  26  2:25  Warp Gate, Probe (Chrono Boost)  
  26  2:26  Probe (Chrono Boost)  
  28  2:36  Probe (Chrono Boost)  
  29  2:38  Gateway  
  29  2:42  Assimilator  
  29  2:43  Probe (Chrono Boost)  
  30  2:49  Stalker  
  32  2:56  Probe (Chrono Boost), Pylon  
  34  2:59  Probe (Chrono Boost)  
  34  3:07  Probe (Chrono Boost)  
  34  3:10  Probe (Chrono Boost)  
  36  3:17  Adept  
  38  3:24  Adept, Probe (Chrono Boost)  
  42  3:27  Probe (Chrono Boost)  
  42  3:28  Robotics Facility  
  42  3:36  Probe (Chrono Boost)  
  42  3:39  Probe (Chrono Boost)  
  44  3:43  Adept  
  44  3:48  Probe (Chrono Boost)  
  47  3:49  Adept  
  47  3:50  Probe (Chrono Boost)  
  50  3:59  Probe (Chrono Boost)  
  50  4:01  Probe (Chrono Boost)  
  52  4:08  Adept  
  53  4:10  Probe (Chrono Boost), Pylon  
  53  4:13  Probe (Chrono Boost), Adept  
  58  4:22  Probe (Chrono Boost)  
  59  4:25  Robotics Bay  
  59  4:28  Pylon  
  59  4:36  Observer  
  60  4:40  Pylon  
  60  4:41  Gateway  
  60  4:43  Probe (Chrono Boost)  
  60  4:44  Probe (Chrono Boost)  
  62  5:01  Robotics Facility  
  62  5:07  Stalker  
  62  5:08  Zealot  
  62  5:09  Pylon  
  66  5:23  Pylon  
  66  5:26  Zealot  
  66  5:27  Zealot  
  70  5:30  Forge  
  70  5:33  Probe x2 (Chrono Boost), Gateway  
  66  5:35  Stalker  
  68  5:44  Probe x2 (Chrono Boost)  
  68  5:45  Stalker, Assimilator  
  72  5:54  Twilight Council  
  72  5:55  Probe x2 (Chrono Boost)  
  72  5:56  Assimilator  
  74  6:04  Photon Cannon  
  74  6:06  Probe (Chrono Boost)  
  74  6:08  Photon Cannon, Probe (Chrono Boost)  
  76  6:12  Forge  
  76  6:17  Probe (Chrono Boost)  
  77  6:18  Nexus  
  77  6:19  Probe (Chrono Boost)  
  78  6:27  Probe (Chrono Boost)  
  78  6:29  Probe (Chrono Boost)  
  75  6:37  Templar Archives  
  75  6:38  Probe (Chrono Boost)  
  76  6:40  Probe (Chrono Boost)  
  77  6:48  Probe (Chrono Boost)  
  77  6:51  Probe (Chrono Boost)  
  79  6:58  Sentry, Pylon  
  81  7:04  Stalker  
  81  7:08  Stalker  
  85  7:13  Stalker  
  87  7:18  Photon Cannon  
  87  7:19  High Templar  
  87  7:21  Pylon  
  89  7:24  High Templar  
  89  7:25  Warp Prism  
  89  7:29  Sentry  
  95  7:32  Probe x2 (Chrono Boost)  
  95  7:33  Probe (Chrono Boost)  
  95  7:34  Stalker  
  95  7:37  Archon  
  100  7:41  Assimilator  
  103  7:44  Probe x2 (Chrono Boost)  
  103  7:45  Probe (Chrono Boost), Pylon, Nexus  
  103  7:47  Assimilator  
  103  7:50  High Templar  
  105  7:55  Probe x2 (Chrono Boost)  
  105  7:56  High Templar, Probe (Chrono Boost)  
  110  7:59  Protoss Ground Weapons Level 1  
  110  8:07  Probe x2 (Chrono Boost)  
  110  8:08  Probe (Chrono Boost)  
  110  8:10  Archon  
  113  8:15  Photon Cannon  
  113  8:16  High Templar  
  113  8:18  Probe (Chrono Boost)  
  113  8:19  Probe (Chrono Boost)  
  118  8:20  Probe (Chrono Boost)  
  118  8:23  Protoss Ground Armor Level 1  
  118  8:26  Photon Cannon  
  118  8:27  High Templar  
  118  8:29  Probe (Chrono Boost)  
  118  8:30  Photon Cannon, Probe (Chrono Boost)  
  118  8:33  Probe (Chrono Boost)  
  123  8:36  Stalker  
  123  8:38  Pylon  
  123  8:40  Archon, Stalker  
  128  8:42  Probe x2 (Chrono Boost)  
  128  8:49  High Templar  
  128  8:50  Pylon  
  130  8:58  High Templar  
  130  8:59  Probe (Chrono Boost)  
  130  9:02  Stalker  
  135  9:05  Stalker  
  135  9:08  Assimilator  
  137  9:10  Psionic Storm, Pylon  
  137  9:12  Photon Cannon  
  137  9:14  Photon Cannon  
  137  9:19  Assimilator  
  137  9:21  Immortal  
  141  9:29  Immortal  
  145  9:37  Sentry  
  147  9:40  Zealot x3  
  131  9:49  Pylon  
  97  9:57  High Templar, Immortal  
  97  9:58  Zealot x2  
  97  9:59  Zealot  
  105  10:05  Probe (Chrono Boost)  
  109  10:12  Colossus  
  107  10:17  Stalker  
  107  10:18  High Templar, Zealot  
  101  10:28  Stalker  
  89  10:36  Zealot  
  89  10:37  Probe (Chrono Boost)  
  89  10:38  Zealot  
  91  10:47  Stalker  
  91  10:49  Zealot  
  98  10:52  Probe (Chrono Boost)  
  98  10:55  Probe (Chrono Boost), High Templar  
  98  10:56  Probe (Chrono Boost)  
  89  10:57  Adept  
  89  11:04  Probe (Chrono Boost), Pylon  
  82  11:06  Pylon  
  82  11:07  High Templar  
  82  11:08  Probe (Chrono Boost), Sentry  
  82  11:09  Probe (Chrono Boost)  
  64  11:17  Nexus  
  56  11:19  Probe (Chrono Boost)  
  56  11:20  Assimilator  
  53  11:26  Zealot  
  49  11:32  Forge  
  49  11:35  Nexus  
  14  12:32  Nexus  
  14  12:41  Pylon  
  13  12:51  Nexus  
Tags
 
Add a new tag
Caveats
  • Supply blocks, unpowered buildings, or Contaminate may cause inaccurate times.
  • Supply counts are checked every 10 seconds.